 Dungeon Crawl Stone Soup version 0.31.0-11-ge490571c62 (webtiles) character file.

Game seed: 10543623056304660632

69 solopath the Trooper (level 4, -3/50 HPs)
             Began as an Oni Berserker on Jan 31, 2024.
             Was a Believer of Trog.
             Slain by a hobgoblin (6 damage)
             ... led by Robin
             ... on level 2 of the Dungeon.
             The game lasted 00:01:14 (1627 turns).

solopath the Trooper (Oni Berserker)                Turns: 1627, Time: 00:01:15

Health: -3/50      AC:  3    Str: 23    XL:     4   Next: 20%
Magic:  4/4        EV: 10    Int:  8    God:    Trog [**....]
Gold:   73         SH:  0    Dex:  8    Spells: 3/3 levels left

rFire   . . .        a - +0 mace
rCold   . . .        (no shield)
rNeg    . . .        b - +0 animal skin
rPois   .            (helmet restricted)
rElec   .            (no cloak)
rCorr   .            (gloves unavailable)
SInv    .            (boots unavailable)
Will    .....        n - amulet of faith
Stlth   +            (no ring)
HPRegen 0.28/turn    (no ring)
MPRegen 0.09/turn

%: faith
@: on berserk cooldown, slowed, very slow
A: large, unfitting armour, horns 1, tough skin 1, double potion healing,
drunken brawling
a: Renounce Religion, Berserk, Trog's Hand


You were on level 2 of the Dungeon.
You worshipped Trog.
Trog was pleased with you.
You visited 1 branch of the dungeon, and saw 2 of its levels.

You collected 73 gold pieces.

Inventory:

Hand Weapons
 a - a +0 mace (weapon)
Armour
 b - a +0 animal skin (worn)
Jewellery
 n - an amulet of faith (around neck)
 p - a ring of protection from fire
Scrolls
 e - 2 scrolls of vulnerability {unknown}
 f - 2 scrolls of amnesia {unknown}
 g - a scroll of fear {unknown}
 h - a scroll of noise {unknown}
 k - a scroll of immolation {unknown}
 l - a scroll of teleportation {unknown}
 m - a scroll of poison {unknown}
 o - a scroll of enchant armour {unknown}
 r - a scroll of identify {unknown}
Potions
 c - a potion of haste {unknown}
 d - a potion of heal wounds {unknown}
 i - a potion of invisibility {unknown}
 j - a potion of attraction {unknown}
 q - a potion of mutation {unknown}


   Skills:
 + Level 5.0 Fighting
 * Level 4.3 Maces & Flails
 - Level 2.6 Dodging


You had 3 spell levels left.
You didn't know any spells.
Your spell library was empty.

Dungeon Overview and Level Annotations

Branches:
Dungeon (2/15)

Altars:

Shops:
D:2 =

Annotations:
D:2 Robin


Innate Abilities, Weirdness & Mutations

You are too large for most types of armour.
You have a pair of small horns on your head.
You have tough skin. (AC +1)
You gain doubled healing and magic from potions.
Whenever you drink a healing potion, you attack all around you.


Message History

Trog accepts your kill.
Your Fighting skill increases to level 5!
You hit the goblin.
You kill the goblin!
Trog accepts your kill.
You are no longer berserk.
You are exhausted.
You feel yourself slow down. The goblin hits you with a +0 club.
Robin throws the goblin at you!
Items here: ))) †.
You hit the hobgoblin.
The hobgoblin is heavily wounded.
The goblin hits you with a +0 club.
Robin hits you from afar with a +0 spear.
The hobgoblin hits you. The goblin hits you with a +0 club.
Robin barely misses you. The hobgoblin barely misses you.
You barely miss the hobgoblin.
The hobgoblin is heavily wounded.
The goblin hits you with a +0 club.
* * * LOW HITPOINT WARNING * * *
Robin closely misses you. The hobgoblin closely misses you.
The goblin closely misses you.
You closely miss the hobgoblin.
The hobgoblin is heavily wounded.
Robin hits you but does no damage. The hobgoblin closely misses you.
The goblin barely misses you. Robin closely misses you.
The hobgoblin misses you.
You hit the goblin but do no damage. You headbutt the goblin.
The goblin is severely wounded.
The goblin no longer looks unusually strong.
The goblin hits you but does no damage.
Robin hits you from afar with a +0 spear.
* * * LOW HITPOINT WARNING * * *
The hobgoblin hits you.
* * * LOW HITPOINT WARNING * * *
The goblin hits you but does no damage.
Robin roars a battlecry!
The goblin goes into a battle-frenzy!
The hobgoblin hits you.
You die...

## #. ##+ #. ##.. #. ##>..#
####. ##....##### #....
#.........##############.##.
+........gg@g)...........##.
#.........####.......###.###
#.......## ##......# #....
##.....## ##.....# ###.#
##...## ###.### #.# ##'##
#.# #.# #<# #[# #.# #.# #.#
#.#


gg. #.# #.# You could see Robin, a hobgoblin (strong) and a goblin (strong).

Vanquished Creatures
  2 adders (D:2)
  3 dart slugs
  2 ball pythons
  4 endoplasms (D:1)
  2 giant cockroaches (D:1)
  10 goblins
  6 hobgoblins
  2 quokkas
  A bat (D:1)
  2 frilled lizards (D:1)
  5 kobolds (D:1)
  2 rats (D:2)
41 creatures vanquished.

Notes
Turn   | Place    | Note
-------+----------+-------------------------------------------
     0 | D:1      | solopath the Oni Berserker began the quest for the Orb.
     0 | D:1      | Reached XP level 1. HP: 24/24 MP: 1/1
    85 | D:1      | Reached XP level 2. HP: 32/32 MP: 2/2
   490 | D:1      | Reached XP level 3. HP: 40/40 MP: 3/3
   730 | D:1      | Reached ** piety under Trog
   825 | D:1      | Found a faded altar of an unknown god.
  1220 | D:2      | Found Bourod's Jewellery Shoppe.
  1456 | D:2      | Reached XP level 4. HP: 30/49 MP: 4/4
  1596 | D:2      | Noticed Robin
  1622 | D:2      | Reached skill level 5 in Fighting
  1627 | D:2      | Slain by a hobgoblin

Illustrated notes

Levels and vault maps discovered:
D:1:      sevenhm_arrival_forest_fort_small_5, layout_loops_corners,
          shapermc_ecumenical_altar_rom_forum, nrook_mini_backslash,
          serial_park_tiny_pond, chequers_big_river, st_stairs_12
D:2:      minmay_chambers_of_twos, layout_loops_corners, serial_shops,
          nicolae_shop_just_a_little_nook, uniq_robin

Skill      XL: |  1  2  3  4 |
---------------+-------------+-----
Maces & Flails | 4 |  4.3
Fighting       | 5 |  5.0
Dodging        | |  2.6

Action                     |  1- 3 |  4- 6 || total
---------------------------+-------+-------++-------
  Melee: Mace              |    82 |    22 ||   104
         Headbutt          |     8 |     4 ||    12
         Punch             |     1 |       ||     1
 Invoke: Berserk           |       |     1 ||     1
 Armour: Animal skin       |    60 |    30 ||    90
  Dodge: Dodged            |    41 |    20 ||    61
